 Dungeon Crawl Stone Soup version 0.31-a0-236-g9a0961fb85 (webtiles) character file.

Game seed: 9619216299455255233

13 qw the Shooter (level 2, 0/16 HPs)
             Began as a Gargoyle Hexslinger on July 9, 2023.
             Slain by Natasha (3 damage)
             ... on level 1 of the Dungeon.
             The game lasted 00:00:10 (606 turns).

qw the Shooter (Gargoyle Hexslinger)                 Turns: 606, Time: 00:00:11

Health: 0/16       AC:  7    Str: 11    XL:     2   Next: 37%
Magic:  3/3        EV: 10    Int: 13    God:
Gold:   60         SH:  0    Dex: 12    Spells: 2/3 levels left

rFire   . . .        Y - +1 sling
rCold   . . .        (no shield)
rNeg    + . .        h - +0 ring mail
rPois   inf          (no helmet)
rElec   +            (no cloak)
rCorr   .            (no gloves)
SInv    .            (no boots)
Will    .....        (no amulet)
Stlth   +            (no ring)
HPRegen 0.22/turn    (no ring)
MPRegen 0.08/turn

%: no passive effects
@: no status effects
A: sickness immunity, AC +2, negative energy resistance 1, electricity
resistance, torment resistance 1, petrification resistance
a: no special abilities


You were on level 1 of the Dungeon.
You visited 1 branch of the dungeon, and saw 2 of its levels.

You collected 60 gold pieces.


Innate Abilities, Weirdness & Mutations

You are immune to sickness and miasma.
Your stone body is resilient. (AC +2)
You are immune to poison.
You resist negative energy. (rN+)
You are resistant to electric shocks. (rElec)
You are resistant to unholy torment.
You are immune to petrification.


   Skills:
 + Level 1.1 Fighting
 - Level 3.0 Ranged Weapons
 - Level 1.5 Dodging
 - Level 1.0 Spellcasting
 - Level 2.6 Hexes


You had 2 spell levels left.
You knew the following spells:

 Your Spells              Type           Power      Damage    Failure   Level
a - Slow                  Hex            28%        N/A       22%         1

Your spell library contained the following spells:

 Spells                   Type           Power      Damage    Failure   Level
 Inner Flame              Hex/Fire       4%         N/A       75%         3
 Portal Projectile        Hex/Tloc       8%         N/A       75%         3
 Cause Fear               Hex            3%         N/A       92%         4

Inventory:

Hand Weapons
 Y - a +1 sling (weapon)
Armour
 h - a +0 ring mail (worn)
Potions
 g - a potion of resistance {unknown}

Dungeon Overview and Level Annotations

Branches:
Dungeon (2/15)

Altars:

Annotations:
D:1 Natasha


Message History

You shoot a sling bullet.
The sling bullet hits Natasha but does no damage.
Natasha mumbles some strange words.
You shoot a sling bullet. The sling bullet barely misses Natasha.
Natasha mumbles some strange words.
You feel troubled.
497 ||| Stepping ~*~*~tactically~*~*~ (outnumbered).
There is a stone staircase leading up here.
Natasha mewls in sadness.
499 ||| Stepping ~*~*~tactically~*~*~ (outnumbered).
Natasha stares at you and mumbles some strange words.
You feel yourself slow down.
There is a stone staircase leading up here.
500 ||| STAIRDANCE Natasha stares at you and mumbles some strange words.
You feel as though you will be slow longer.
You climb upwards.
There is a stone staircase leading down here.
Enter note:
Enter note: You start waiting.
You feel yourself speed up.
Done waiting.
Done exploring.
(D) Dungeon
Where to? (* - list waypoints, Enter - D:2, ? - help)
What level of the Dungeon? (default 1, ? - help)
You climb downwards.
Level annotation: Natasha Natasha stares at you and mumbles some strange words.
The magic dart hits you!
There is a stone staircase leading up here.
604 ||| STAIRDANCE Natasha claws you.
You climb upwards.
There is a stone staircase leading down here.
You shoot a sling bullet.
The sling bullet closely misses Natasha.
Natasha claws you.
You die...

#......##.....#
#.............#
##............. #######
#.........#### #.....######
#....#########
#..........###....# ##.....
#......###.##...### #......
####...###...)#######......
####...'.#@h...............
#......#.############......
#.####.#.# ####### #.#
#.#.# # #.# #.#.# # #.#
#.#.##### # #.# ##.......#
# #.###........# #
#...'.......)## #


You could see Natasha.

Vanquished Creatures
  A dart slug (D:1)
  A ball python (D:1)
  2 hobgoblins (D:1)
  A kobold (D:1)
  3 quokkas (D:1)
  A rat (D:1)
9 creatures vanquished.

Notes
Turn   | Place    | Note
-------+----------+-------------------------------------------
     0 | D:1      | qw the Gargoyle Hexslinger began the quest for the Orb.
     0 | D:1      | Reached XP level 1. HP: 12/12 MP: 2/2
     0 | D:1      | 0 ||| qw: Version: 0.3-a-51-g015441d
     0 | D:1      | 0 ||| qw: Game counter: 4386
     0 | D:1      | 0 ||| qw: Melee chars always use a shield: true
     0 | D:1      | 0 ||| qw: God list: Okawaru
     0 | D:1      | 0 ||| qw: Allow faded altars: false
     0 | D:1      | 0 ||| qw: Do Orc after clearing Dungeon:15 true
     0 | D:1      | 0 ||| qw: Do second Lair branch before Depths: true
     0 | D:1      | 0 ||| qw: Lair rune preference: random
     0 | D:1      | 0 ||| qw: Goals: Normal
     0 | D:1      | 0 ||| PLANNING D:1-11
   116 | D:1      | Reached XP level 2. HP: 16/16 MP: 3/3
   229 | D:1      | Reached skill level 3 in Ranged Weapons
   356 | D:1      | 356 ||| UPGRADING to +0 ring mail.
   366 | D:1      | 366 ||| DROPPING +0 robe.
   367 | D:1      | 367 ||| READING scroll labelled GORGHO XASA.
   468 | D:1      | 468 ||| READING scroll labelled XUSTRO MUTT.
   469 | D:1      | 469 ||| READING scroll labelled BONIRUWN WIUPA.
   470 | D:1      | 470 ||| DROPPING scroll of poison.
   494 | D:2      | Noticed Natasha
   497 | D:2      | 497 ||| Stepping ~*~*~tactically~*~*~ (outnumbered).
   499 | D:2      | 499 ||| Stepping ~*~*~tactically~*~*~ (outnumbered).
   500 | D:2      | 500 ||| STAIRDANCE
   604 | D:2      | 604 ||| STAIRDANCE
   604 | D:2      | HP: 3/16 [Natasha (6)]
   606 | D:1      | Slain by Natasha

Levels and vault maps discovered:
D:1:      dpeg_arrival_round_b, layout_basic
D:2:      layout_basic, shapermc_ecumenical_altar_starsandcircs, basic_altar,
          uniq_natasha

Skill      XL: |  1  2 |
---------------+-------+-----
Ranged Weapons | 3 |  3.0
Fighting       | |  1.1
Dodging        | |  1.5
Spellcasting   | |  1.0
Hexes          | |  2.6

Action                     || total
---------------------------++-------
   Fire: Sling             ||    34
    Use: Scroll            ||     3
 Armour: Robe              ||     6
  Dodge: Dodged            ||     7

Table legend:
 A = Non-vault XP
 B = Vault XP
 C = Vault XP percentage of total XP
 D = Non-vault monster count
 E = Vault monster count
 F = Vault count percentage of total count
                 A         B        C        D         E       F
            +---------+---------+-------+---------+---------+-------
      Total |      19 |       0 |   0.0 |       9 |       0 |   0.0
            +---------+---------+-------+---------+---------+-------
        D:1 |      19 |       0 |   0.0 |       9 |       0 |   0.0
            +---------+---------+-------+---------+---------+-------
